NCAA
FLORIDA GATORS @ LOUISIANA STATE TIGERS
04/30/2024
 
TOP OF THE 1ST
Florida Gators batting - Pitching for Louisiana State Tigers : RHP Sam McDonald
Pitching: RHP Sam McDonald
Batting: LHB Jeff Fountain 0-0: Ball
1-0: Ball
2-0: Ball
3-0: Called Strike
3-1: Called Strike
3-2: Foul Ball, location: 2F
3-2: Base on Balls
Batting: RHB Joe Richardson 0-0: Called Strike
0-1: Ball
1-1: Ball
2-1: Grounds into double play, U6-3 (Groundball, 6M)
Batting: LHB Mark Strong 0-0: Foul Ball, location: 2F
0-1: Swinging Strike
0-2: Strikes out swinging
Top of the 1st over - 0 run(s), 0 hit(s), 0 error(s), 0 left on base; Florida 0 - Louisiana State 0
BOTTOM OF THE 1ST
Louisiana State Tigers batting - Pitching for Florida Gators : RHP Miguel Negrón
Pitching: RHP Miguel Negrón
Batting: RHB Clint Younger 0-0: Ball
1-0: Swinging Strike
1-1: Fly out, F6 (Popup, 6M)
Batting: RHB George Arnold 0-0: Foul Ball, location: 2F
0-1: Called Strike
0-2: Fly out, F9 (Flyball, 89M)
Batting: RHB Dave Bryan 0-0: Ball
1-0: Called Strike
1-1: Swinging Strike
1-2: Strikes out looking
Bottom of the 1st over - 0 run(s), 0 hit(s), 0 error(s), 0 left on base; Florida 0 - Louisiana State 0
TOP OF THE 2ND
Florida Gators batting - Pitching for Louisiana State Tigers : RHP Sam McDonald
Batting: LHB Juan Torres 0-0: Ball
1-0: Ball
2-0: Ball
3-0: Foul Ball, location: 2F
3-1: Base on Balls
Batting: RHB Mario Solís 0-0: Grounds into double play, 4-6-3 (Groundball, 4)
Batting: RHB Larry Kennedy 0-0: Ball
1-0: Foul Ball, location: 2F
1-1: Called Strike
1-2: Ground out 5-3 (Groundball, 56S)
Top of the 2nd over - 0 run(s), 0 hit(s), 0 error(s), 0 left on base; Florida 0 - Louisiana State 0
BOTTOM OF THE 2ND
Louisiana State Tigers batting - Pitching for Florida Gators : RHP Miguel Negrón
Batting: RHB Chris McBride 0-0: Foul Ball, location: 2F
0-1: SOLO HOME RUN (Flyball, 7D), Distance : 360 ft
Batting: SHB Arturo Sánchez 0-0: Ball
1-0: Swinging Strike
1-1: Ball
2-1: Ball
3-1: Base on Balls
Batting: LHB Joaquín Ochoa 0-0: Ball
1-0: Ball
2-0: Called Strike
2-1: Swinging Strike
2-2: Foul Ball, location: 2F
2-2: Strikes out swinging
Batting: RHB Gary Sullivan 0-0: Foul Ball, location: 2F
0-1: Called Strike
Balk!
Arturo Sánchez to second
0-2: Foul Ball, location: 2F
0-2: Ball
1-2: Ball
2-2: Strikes out looking
Batting: RHB Sergio Mata 0-0: Ball
Arturo Sánchez steals 3rd base
1-0: 2-RUN HOME RUN (Flyball, 7LD), Distance : 317 ft
Batting: RHB Willie Townsend 0-0: Called Strike
0-1: Foul Ball, location: 2F
0-2: Ball
1-2: Ball
2-2: Strikes out swinging
Bottom of the 2nd over - 3 run(s), 2 hit(s), 0 error(s), 0 left on base; Florida 0 - Louisiana State 3
TOP OF THE 3RD
Florida Gators batting - Pitching for Louisiana State Tigers : RHP Sam McDonald
Batting: RHB Barry Murphy 0-0: Foul Ball, location: 2F
0-1: Foul Ball, location: 2F
0-2: Strikes out swinging
Batting: RHB Johnny MacNamara 0-0: Ball
1-0: Called Strike
1-1: Swinging Strike
1-2: Ball
2-2: Strikes out swinging
Batting: SHB Leroy Sibbald 0-0: SINGLE (Line Drive, 8LS)
Batting: LHB Jeff Fountain 0-0: Foul Ball, location: 2F
0-1: Fly out, F2 (Popup, 2LF)
Top of the 3rd over - 0 run(s), 1 hit(s), 0 error(s), 1 left on base; Florida 0 - Louisiana State 3
BOTTOM OF THE 3RD
Louisiana State Tigers batting - Pitching for Florida Gators : RHP Miguel Negrón
Batting: RHB Clint Younger 0-0: Ball
1-0: Ball
2-0: Ball
3-0: Called Strike
3-1: Ground out 6-3 (Groundball, 56)
Batting: RHB George Arnold 0-0: Called Strike
0-1: Foul Ball, location: 2F
0-2: Foul Ball, location: 2F
0-2: Ball
1-2: Ball
2-2: Foul Ball, location: 2F
2-2: Ball
3-2: Base on Balls
Batting: RHB Dave Bryan 0-0: Ball
1-0: Foul Ball, location: 2F
1-1: Foul Ball, location: 2F
1-2: Foul Ball, location: 2F
1-2: DOUBLE (Line Drive, 9LM)
George Arnold to third
Runner from 3rd tries for Home, SAFE, throw made at trailing runner, OUT at third!
Batting: RHB Chris McBride 0-0: Ground out 1-3 (Groundball, 15)
Bottom of the 3rd over - 1 run(s), 1 hit(s), 0 error(s), 0 left on base; Florida 0 - Louisiana State 4
TOP OF THE 4TH
Florida Gators batting - Pitching for Louisiana State Tigers : RHP Sam McDonald
Batting: RHB Joe Richardson 0-0: Ball
1-0: Ground out 1-3 (Groundball, 13)
Batting: LHB Mark Strong 0-0: Ground out U3 (Groundball, 3)
Batting: LHB Juan Torres 0-0: Foul Ball, location: 2F
0-1: Hit by Pitch
Batting: RHB Mario Solís 0-0: Ball
1-0: Ball
2-0: SINGLE (Groundball, 6MD)
Juan Torres to second
Batting: RHB Larry Kennedy 0-0: Ball
1-0: Swinging Strike
1-1: Swinging Strike
1-2: Ball
2-2: Foul Ball, location: 2F
2-2: Ball
3-2: Strikes out swinging
Top of the 4th over - 0 run(s), 1 hit(s), 0 error(s), 2 left on base; Florida 0 - Louisiana State 4
BOTTOM OF THE 4TH
Louisiana State Tigers batting - Pitching for Florida Gators : RHP Miguel Negrón
Batting: SHB Arturo Sánchez 0-0: Ball
1-0: Fly out, F7 (Flyball, 7M)
Batting: LHB Joaquín Ochoa 0-0: Called Strike
0-1: Ball
1-1: Fly out, F7 (Flyball, 7M)
Batting: RHB Gary Sullivan 0-0: Ball
1-0: Called Strike
1-1: SINGLE (Groundball, 6MD)
Batting: RHB Sergio Mata 0-0: Ball
1-0: Swinging Strike
1-1: Called Strike
1-2: Strikes out swinging
Bottom of the 4th over - 0 run(s), 1 hit(s), 0 error(s), 1 left on base; Florida 0 - Louisiana State 4
TOP OF THE 5TH
Florida Gators batting - Pitching for Louisiana State Tigers : RHP Sam McDonald
Batting: RHB Barry Murphy 0-0: Ball
1-0: Foul Ball, location: 2F
1-1: Ball
2-1: Foul Ball, location: 2F
2-2: Foul Ball, location: 2F
2-2: Foul Ball, location: 2F
2-2: Foul Ball, location: 2F
2-2: Ball
3-2: Foul Ball, location: 2F
3-2: Foul Ball, location: 2F
3-2: Foul Ball, location: 2F
3-2: Foul Ball, location: 2F
3-2: Base on Balls
Batting: RHB Johnny MacNamara 0-0: Ball
1-0: Foul Ball, location: 2F
1-1: Ball
2-1: Called Strike
2-2: Ball
3-2: DOUBLE (Flyball, 8LXD)
Barry Murphy to third
Runner from 3rd tries for Home, SAFE, throw made home
Batting: SHB Leroy Sibbald 0-0: Ball
1-0: Ball
2-0: Foul Ball, location: 2F
2-1: Ball
3-1: Base on Balls
Batting: LHB Jeff Fountain 0-0: Foul Ball, location: 2F
0-1: Ball
1-1: Called Strike
1-2: Foul Ball, location: 2F
1-2: Ball
2-2: Ball
3-2: Base on Balls
Johnny MacNamara to third
Leroy Sibbald to second
Pitching: RHP Tony King
Batting: RHB Joe Richardson 0-0: Fly out, F2 (Popup, 2RF)
Batting: LHB Mark Strong 0-0: Called Strike
0-1: Foul Ball, location: 2F
0-2: Strikes out looking
Batting: LHB Juan Torres 0-0: Called Strike
0-1: Ball
1-1: Foul Ball, location: 2F
1-2: Ball
2-2: Fly out, F8 (Flyball, 89M)
Top of the 5th over - 1 run(s), 1 hit(s), 0 error(s), 3 left on base; Florida 1 - Louisiana State 4
BOTTOM OF THE 5TH
Louisiana State Tigers batting - Pitching for Florida Gators : RHP Miguel Negrón
Batting: RHB Willie Townsend 0-0: Ball
1-0: Ball
2-0: Called Strike
2-1: Foul Ball, location: 2F
2-2: Ball
3-2: Base on Balls
Batting: RHB Clint Younger 0-0: Ball
1-0: Called Strike
1-1: Swinging Strike
1-2: Ball
2-2: Foul Ball, location: 2F
2-2: Fly out, F5 (Line Drive, 5)
2-2: Lined into DP, 5-3 (Line Drive, 5)
Batting: RHB George Arnold 0-0: Called Strike
0-1: Ball
1-1: Foul Ball, location: 2F
1-2: Ball
2-2: SOLO HOME RUN (Flyball, 78XD), Distance : 363 ft
Batting: RHB Dave Bryan 0-0: Ball
1-0: Fly out, F7 (Flyball, 7M)
Bottom of the 5th over - 1 run(s), 1 hit(s), 0 error(s), 0 left on base; Florida 1 - Louisiana State 5
TOP OF THE 6TH
Florida Gators batting - Pitching for Louisiana State Tigers : RHP Tony King
Batting: RHB Mario Solís 0-0: Foul Ball, location: 2F
0-1: Fly out, F3 (Popup, 34)
Batting: RHB Larry Kennedy 0-0: Ball
1-0: Ball
2-0: Ball
3-0: Base on Balls
Batting: RHB Barry Murphy 0-0: SINGLE (Groundball, 34)
Larry Kennedy to second
Runner from 2nd tries for 3rd, SAFE, throw made to third
Barry Murphy to second
Batting: RHB Johnny MacNamara 0-0: Ball
1-0: Called Strike
1-1: Ball
2-1: Swinging Strike
2-2: Ball
3-2: Base on Balls
Batting: SHB Leroy Sibbald 0-0: Ball
1-0: Foul Ball, location: 2F
1-1: Ball
2-1: Ball
3-1: Foul Ball, location: 2F
3-2: Base on Balls
Larry Kennedy scores
Barry Murphy to third
Johnny MacNamara to second
Batting: LHB Jeff Fountain 0-0: Ball
1-0: Called Strike
1-1: Foul Ball, location: 2F
1-2: Ground out 3-1 (Groundball, 34)
Barry Murphy scores
Johnny MacNamara to third
Leroy Sibbald to second
Batting: RHB Joe Richardson 0-0: Ball
1-0: Ball
2-0: Foul Ball, location: 2F
2-1: Fly out, F9 (Flyball, 9M)
Top of the 6th over - 2 run(s), 1 hit(s), 0 error(s), 2 left on base; Florida 3 - Louisiana State 5
BOTTOM OF THE 6TH
Louisiana State Tigers batting - Pitching for Florida Gators : RHP Miguel Negrón
Pitching: RHP Santiago Castro
Batting: RHB Chris McBride 0-0: Ball
1-0: Called Strike
1-1: Ball
2-1: Ball
3-1: Base on Balls
Batting: SHB Arturo Sánchez 0-0: Called Strike
0-1: Ball
1-1: Called Strike
1-2: Ball
2-2: Foul Ball, location: 2F
2-2: Ball
3-2: Foul Ball, location: 2F
3-2: Base on Balls
Chris McBride to second
Batting: LHB Joaquín Ochoa 0-0: Foul Ball, location: 2F
0-1: Swinging Strike
0-2: Ball
1-2: SINGLE (Groundball, 34D)
Chris McBride to third
Arturo Sánchez to second
Runner from 3rd tries for Home, SAFE, throw made home
Batting: RHB Gary Sullivan 0-0: Called Strike
0-1: Ball
1-1: 3-RUN HOME RUN (Flyball, 7LD), Distance : 318 ft
Pitching: RHP Michael Short
Batting: RHB Sergio Mata 0-0: Called Strike
0-1: Ball
1-1: SOLO HOME RUN (Flyball, 7D), Distance : 358 ft
Batting: RHB Willie Townsend 0-0: Ball
1-0: Ball
2-0: Swinging Strike
2-1: Foul Ball, location: 2F
2-2: Strikes out looking
Batting: RHB Clint Younger 0-0: Ball
1-0: Called Strike
1-1: Called Strike
1-2: SINGLE (Line Drive, 78S)
Batting: RHB George Arnold 0-0: Ball
1-0: Ball
2-0: Called Strike
2-1: 2-RUN HOME RUN (Flyball, 7D), Distance : 343 ft
Pitching: LHP Robert Griggs
Batting: RHB Dave Bryan 0-0: Ball
1-0: Ball
2-0: Called Strike
2-1: Foul Ball, location: 2F
2-2: Foul Ball, location: 2F
2-2: Foul Ball, location: 2F
2-2: SOLO HOME RUN (Flyball, 7D), Distance : 353 ft
Batting: RHB Chris McBride 0-0: Ball
1-0: Foul Ball, location: 2F
1-1: Ground out 5-3 (Groundball, 5)
Batting: SHB Arturo Sánchez 0-0: Foul Ball, location: 2F
0-1: Foul Ball, location: 2F
0-2: Fly out, F9 (Flyball, 89M)
Bottom of the 6th over - 8 run(s), 6 hit(s), 0 error(s), 0 left on base; Florida 3 - Louisiana State 13
TOP OF THE 7TH
Florida Gators batting - Pitching for Louisiana State Tigers : RHP Tony King
Pitching: LHP Salvador Ibarra
Batting: LHB Mark Strong 0-0: Foul Ball, location: 2F
0-1: Ball
1-1: Ball
2-1: DOUBLE (Line Drive, 7LM)
Batting: LHB Juan Torres 0-0: Called Strike
0-1: Ball
1-1: Ball
2-1: Ball
3-1: Foul Ball, location: 2F
3-2: Strikes out swinging
Batting: RHB Mario Solís 0-0: Called Strike
0-1: Called Strike
0-2: Reached on error, E1 (Groundball, 25)
Mark Strong to third
Batting: RHB Larry Kennedy 0-0: Called Strike
0-1: Ball
1-1: Swinging Strike
1-2: Strikes out swinging
Batting: RHB Barry Murphy 0-0: Ball
1-0: Ball
2-0: Foul Ball, location: 2F
2-1: Swinging Strike
2-2: Strikes out swinging
Top of the 7th over - 0 run(s), 1 hit(s), 1 error(s), 2 left on base; Florida 3 - Louisiana State 13
BOTTOM OF THE 7TH
Louisiana State Tigers batting - Pitching for Florida Gators : LHP Robert Griggs
Batting: LHB Joaquín Ochoa 0-0: Called Strike
0-1: Called Strike
0-2: Ball
1-2: Foul Ball, location: 2F
1-2: Ball
2-2: Foul Ball, location: 2F
2-2: Foul Ball, location: 2F
2-2: Ground out 6-3 (Groundball, 6)
Batting: RHB Gary Sullivan 0-0: Ground out 4-3 (Groundball, 4M)
Batting: RHB Sergio Mata 0-0: Ball
1-0: Ball
2-0: Ball
3-0: Base on Balls
Batting: RHB Willie Townsend 0-0: Ball
1-0: Called Strike
1-1: Foul Ball, location: 2F
1-2: Ball
2-2: Fly out, F4 (Line Drive, 4D)
Bottom of the 7th over - 0 run(s), 0 hit(s), 0 error(s), 1 left on base; Florida 3 - Louisiana State 13
TOP OF THE 8TH
Florida Gators batting - Pitching for Louisiana State Tigers : LHP Salvador Ibarra
Now in CF: Juan Carlos Ortega
Batting: RHB Johnny MacNamara 0-0: Ball
1-0: Ball
2-0: Called Strike
2-1: Fly out, F3 (Popup, 3DF)
Batting: SHB Leroy Sibbald 0-0: Ball
1-0: Called Strike
1-1: Ball
2-1: Fly out, F4 (Line Drive, 4)
Batting: LHB Jeff Fountain 0-0: Called Strike
0-1: Ball
1-1: Foul Ball, location: 2F
1-2: Fly out, F7 (Flyball, 7LM)
Top of the 8th over - 0 run(s), 0 hit(s), 0 error(s), 0 left on base; Florida 3 - Louisiana State 13
BOTTOM OF THE 8TH
Louisiana State Tigers batting - Pitching for Florida Gators : LHP Robert Griggs
Batting: RHB Clint Younger 0-0: Called Strike
0-1: Ball
1-1: Ball
2-1: Swinging Strike
2-2: Foul Ball, location: 2F
2-2: Foul Ball, location: 2F
2-2: Strikes out swinging
Pitching: LHP Everett Jenkins
Batting: RHB George Arnold 0-0: Ball
1-0: Ball
2-0: Swinging Strike
2-1: Ball
3-1: Base on Balls
Batting: RHB Dave Bryan 0-0: Called Strike
0-1: Ball
1-1: Swinging Strike
1-2: Foul Ball, location: 2F
1-2: Strikes out swinging
Batting: RHB Chris McBride 0-0: Foul Ball, location: 2F
0-1: Ball
1-1: Ball
2-1: Swinging Strike
2-2: Foul Ball, location: 2F
2-2: Ball
3-2: Foul Ball, location: 2F
3-2: Base on Balls
George Arnold to second
Batting: SHB Arturo Sánchez 0-0: Ball
1-0: Ball
2-0: Ball
3-0: Base on Balls
George Arnold to third
Chris McBride to second
Batting: LHB Joaquín Ochoa 0-0: Ball
1-0: Ball
2-0: Called Strike
2-1: Called Strike
2-2: Fly out, F7 (Flyball, 78D)
Bottom of the 8th over - 0 run(s), 0 hit(s), 0 error(s), 3 left on base; Florida 3 - Louisiana State 13
TOP OF THE 9TH
Florida Gators batting - Pitching for Louisiana State Tigers : LHP Salvador Ibarra
Batting: RHB Joe Richardson 0-0: Ball
1-0: Foul Ball, location: 2F
1-1: Ground out 6-3 (Groundball, 6M)
Batting: LHB Mark Strong 0-0: Swinging Strike
0-1: Foul Ball, location: 2F
0-2: Ground out 4-3 (Groundball, 34)
Batting: LHB Juan Torres 0-0: Ball
1-0: Ball
2-0: Swinging Strike
2-1: Ball
3-1: Base on Balls
Batting: RHB Mario Solís 0-0: Ball
1-0: Ball
2-0: Ball
3-0: Base on Balls
Juan Torres to second
Pinch Hitting: LHB Malcolm Moreno 0-0: Called Strike
0-1: Foul Ball, location: 2F
0-2: Foul Ball, location: 2F
0-2: Ball
1-2: Ball
2-2: Ball
3-2: Base on Balls
Juan Torres to third
Mario Solís to second
Batting: RHB Barry Murphy 0-0: Ball
1-0: Swinging Strike
1-1: GRAND SLAM HOME RUN (Flyball, 7D), Distance : 371 ft
Pitching: RHP Todd Scott
Batting: RHB Johnny MacNamara 0-0: Ball
1-0: Foul Ball, location: 2F
1-1: Swinging Strike
1-2: Strikes out swinging
Top of the 9th over - 4 run(s), 1 hit(s), 0 error(s), 0 left on base; Florida 7 - Louisiana State 13
This league is powered by Out of the Park Baseball, the baseball management simulation game for PC, Mac and Linux
Saturday, April 9th, 2016 - OOTP Baseball 16.8 Build 38